[Event "Titled Tuesday Blitz June 27 Late 2023"]
[White "Domingo Nunez, Ruben"]
[Black "Santos Ruiz, Miguel"]
[WhiteFideId "22245570"]
[BlackFideId "22291482"]
[WhiteElo "2579"]
[BlackElo "2774"]
[Result "1/2-1/2"]
[Round "8"]
[TimeControl "180+2"]
[Date "2023.06.27"]
[WhiteClock "0:00:30"]
[BlackClock "0:00:31"]
[Board "36"]

1. a3 f5 2. h3 Nf6 3. g3 d5 4. Bg2 e5 5. d3 Bd6 6. c4 c6 7. b4 O-O 8. Bb2 dxc4 9. dxc4 Qe7 10. Qc2 e4 11. e3 Nbd7 12. Ne2 Ne5 13. Bxe5 Bxe5 14. Nbc3 Be6 15. c5 Bc4 16. Rd1 Bd3 17. Rxd3 exd3 18. Qxd3 Rad8 19. Qxf5 Nd5 20. Nxd5 cxd5 21. Qd3 d4 22. e4 g5 23. O-O Bg7 24. f4 gxf4 25. gxf4 Kh8 26. e5 Qh4 27. Kh2 Rde8 28. Qxd4 Rf7 29. b5 Rxe5 30. fxe5 Qxd4 31. Nxd4 Bxe5+ 32. Kh1 Rxf1+ 33. Bxf1 Bxd4 34. c6 bxc6 35. bxc6 Bb6 36. Kg2 Kg7 37. Bd3 h6 38. Kg3 Kf6 39. Kf4 Ke7 40. Kf5 Kd6 41. Be4 Kc7 42. Kg6 Be3 43. Kf6 Bd2 44. a4 Be3 45. Ke5 Bd2 46. Kd5 Bc1 47. Kc4 Be3 48. Kd3 Bf4 49. h4 Bg3 50. h5 Bh4 51. Kd4 Bg5 52. Kd3 Bh4 53. Kc2 Bg5 54. Kb3 Bf4 55. Kb4 Bg5 56. Kb5 Bf4 57. Ka6 Be3 58. Kb5 Bf2 59. Kc4 Be3 60. Kc3 Bg5 61. Kd3 Bf6 62. Ke2 Bg5 63. Kf3 Bf6 64. Kg4 Bg5 65. Kf5 Be3 66. Ke5 Bg5 67. Ke6 Bf4 68. Kf7 Bg5 69. Kg6 Be3 1/2-1/2


[Site "https://www.chess.com"]

[Event "Titled Tuesday Blitz June 27 Late 2023"]
[White "Aradhya, Garg"]
[Black "JackRodgers"]
[WhiteFideId "25006746"]
[WhiteElo "2756"]
[BlackElo "2568"]
[Result "1/2-1/2"]
[Round "8"]
[TimeControl "180+2"]
[Date "2023.06.27"]
[WhiteClock "0:00:09"]
[BlackClock "0:00:03"]
[Board "37"]

1. d4 Nf6 2. c4 c5 3. d5 e5 4. Nc3 d6 5. Nf3 Be7 6. e4 Nbd7 7. Be2 Nf8 8. O-O Ng6 9. a3 O-O 10. b4 b6 11. Ne1 h6 12. Nd3 Nh7 13. a4 Bg5 14. a5 Bxc1 15. Qxc1 Bd7 16. axb6 axb6 17. Qb2 Qg5 18. g3 Nf4 19. Nxf4 exf4 20. bxc5 bxc5 21. Rxa8 Rxa8 22. Qb7 Rd8 23. Qc7 fxg3 24. hxg3 Bh3 25. Rd1 Nf8 26. e5 Rd7 27. Qa5 Qxe5 28. Bf3 Bf5 29. Nb5 Ng6 30. Re1 Qf6 31. Re8+ Kh7 32. Qa8 Re7 33. Rxe7 Qxe7 34. Qb8 Be4 35. Bxe4 Qxe4 36. Nxd6 Qe1+ 37. Kg2 Qe5 38. Qc7 Qd4 39. Qxf7 Ne5 40. Qf5+ Kg8 41. Qe6+ Kh7 42. Qf5+ Kg8 43. Qe4 Qxe4+ 44. Nxe4 Nxc4 45. Nxc5 Kf7 46. Kf3 Ke7 47. Ne4 Ne5+ 48. Kf4 Nd3+ 49. Kf5 Nb4 50. Kg6 Kf8 51. d6 Nc6 52. f4 Kg8 53. d7 Kf8 54. f5 Ne5+ 55. Kh7 Nxd7 56. g4 Kf7 57. g5 hxg5 58. Nxg5+ Kf6 59. Ne6 Kxf5 60. Kxg7 1/2-1/2


[Site "https://www.chess.com"]

[Event "Titled Tuesday Blitz June 27 Late 2023"]
[White "Mahdavi, Reza"]
[Black "Ozates, Tuna"]
[WhiteFideId "12595926"]
[BlackFideId "6354521"]
[WhiteElo "2745"]
[BlackElo "2575"]
[Result "1-0"]
[Round "8"]
[TimeControl "180+2"]
[Date "2023.06.27"]
[WhiteClock "0:01:21"]
[BlackClock "0:00:00"]
[Board "38"]

1. e4 c5 2. Nf3 Nc6 3. Bb5 g6 4. O-O Bg7 5. Re1 Nf6 6. e5 Nd5 7. Nc3 Nc7 8. Bxc6 dxc6 9. Ne4 Ne6 10. d3 O-O 11. Be3 b6 12. Qd2 Nd4 13. Nxd4 cxd4 14. Bh6 Qd5 15. Bxg7 Kxg7 16. Qf4 c5 17. h4 Bb7 18. h5 gxh5 19. Qg5+ Kh8 20. Qxe7 Rg8 21. f3 Rg6 22. Kh1 Rag8 23. Re2 Qe6 24. Qxe6 fxe6 25. Nf6 R8g7 26. Kh2 h4 27. a4 a5 28. Rf2 Rg5 29. Re1 Bc6 30. b3 R7g6 31. Ree2 Kg7 32. Kh3 Rg3+ 33. Kxh4 Kf7 34. Ng4 R3xg4+ 35. fxg4+ Ke7 36. g5 h6 37. gxh6 Rxh6+ 38. Kg5 Rh8 39. g4 Rg8+ 40. Kh4 Bd5 41. Rf6 1-0


[Site "https://www.chess.com"]

[Event "Titled Tuesday Blitz June 27 Late 2023"]
[White "Jimenez Almeida, Luis David"]
[Black "Rosen, Eric"]
[WhiteFideId "22242244"]
[BlackFideId "2032562"]
[WhiteElo "2560"]
[BlackElo "2683"]
[Result "0-1"]
[Round "8"]
[TimeControl "180+2"]
[Date "2023.06.27"]
[WhiteClock "0:00:01"]
[BlackClock "0:00:29"]
[Board "39"]

1. e4 c5 2. Nc3 e6 3. Nge2 Nc6 4. d4 cxd4 5. Nxd4 Qc7 6. Be3 a6 7. Be2 Nf6 8. O-O Bb4 9. Nxc6 bxc6 10. Qd3 d5 11. exd5 cxd5 12. Na4 O-O 13. Nb6 Rb8 14. Nxc8 Rfxc8 15. c3 Bd6 16. h3 Rxb2 17. Qxa6 Ne4 18. Rfc1 Rcb8 19. Bd3 Bh2+ 20. Kf1 Bf4 21. Bxe4 Bxe3 22. Bxh7+ Kh8 23. fxe3 Kxh7 24. Qd3+ f5 25. Kg1 Qg3 26. Qf1 Qxe3+ 27. Kh1 Rf2 28. Qe1 Qg3 29. Qg1 Rbb2 0-1


[Site "https://www.chess.com"]

[Event "Titled Tuesday Blitz June 27 Late 2023"]
[White "Alex_Sahakyan2006"]
[Black "Tologon tegin, Semetei"]
[BlackFideId "13800574"]
[WhiteElo "2682"]
[BlackElo "2557"]
[Result "1-0"]
[Round "8"]
[TimeControl "180+2"]
[Date "2023.06.27"]
[WhiteClock "0:00:30"]
[BlackClock "0:00:00"]
[Board "40"]

1. d4 e6 2. c4 b6 3. Nc3 Bb7 4. Qc2 f5 5. Nf3 Nf6 6. Bf4 Bb4 7. a3 Bxc3+ 8. Qxc3 O-O 9. e3 Ne4 10. Qc2 d6 11. Nd2 Nd7 12. Bd3 Nxd2 13. Qxd2 e5 14. dxe5 dxe5 15. Bg3 f4 16. exf4 exf4 17. Bxf4 Nc5 18. Bc2 Qf6 19. Be3 Bxg2 20. Rg1 Rad8 21. Qc3 Qf3 22. Rd1 Ne4 23. Qe5 Rde8 24. Bxe4 Rxe5 25. Bxf3 Bxf3 26. Rd7 Rf7 27. Rd8+ Rf8 28. Rd7 Rf7 29. Rd8+ Rf8 30. Rd4 c5 31. Rd7 Rf7 32. Rd8+ Rf8 33. Rd6 g6 34. h4 Rfe8 35. Kd2 Re4 36. Kc3 Rxh4 37. Rd7 Ree4 38. b3 Rh3 39. Rxa7 Bg4 40. a4 Rf3 41. a5 bxa5 42. Rxa5 Rf5 43. Ra7 h5 44. Rc7 Ree5 45. Ra1 h4 46. Ra8+ Rf8 47. Raa7 Rh5 48. Rg7+ Kh8 49. Bxc5 Rf3+ 50. Kb2 1-0


[Site "https://www.chess.com"]

[Event "Titled Tuesday Blitz June 27 Late 2023"]
[White "Goryachkina, Aleksandra"]
[Black "Ter-Sahakyan, Samvel"]
[WhiteFideId "4147103"]
[BlackFideId "13302531"]
[WhiteElo "2669"]
[BlackElo "2880"]
[Result "0-1"]
[Round "8"]
[TimeControl "180+2"]
[Date "2023.06.27"]
[WhiteClock "0:00:00"]
[BlackClock "0:00:24"]
[Board "41"]

1. e4 c5 2. Nf3 e6 3. c3 d5 4. exd5 Qxd5 5. d4 Nf6 6. Na3 Nc6 7. Nb5 Qd7 8. dxc5 Bxc5 9. Qxd7+ Kxd7 10. Be3 Bxe3 11. fxe3 Ke7 12. Bd3 Rd8 13. Ke2 e5 14. Bc2 Be6 15. Bb3 Bf5 16. a4 Bd3+ 17. Ke1 a6 18. Na3 Ng4 19. h3 Nxe3 20. Kf2 Nf5 21. Rhe1 f6 22. Rad1 Nh6 23. Ba2 Nf7 24. b4 Rac8 25. b5 axb5 26. axb5 Na5 27. Re3 Bg6 28. Rxd8 Nxd8 29. c4 Ne6 30. Rc3 Nc5 31. Nc2 Ne4+ 0-1


[Site "https://www.chess.com"]

[Event "Titled Tuesday Blitz June 27 Late 2023"]
[White "Vovk, Orest"]
[Black "Licznerski, Lukasz"]
[WhiteFideId "14113490"]
[BlackFideId "1179250"]
[WhiteElo "2527"]
[BlackElo "2845"]
[Result "0-1"]
[Round "8"]
[TimeControl "180+2"]
[Date "2023.06.27"]
[WhiteClock "0:00:11"]
[BlackClock "0:00:04"]
[Board "42"]

1. g4 d5 2. h3 e5 3. Bg2 c6 4. d4 exd4 5. Qxd4 Nd7 6. Nc3 Ngf6 7. Bg5 Bc5 8. Qf4 h6 9. Bxf6 Qxf6 10. Qxf6 Nxf6 11. e3 d4 12. exd4 Bxd4 13. Nge2 Bb6 14. O-O Bd7 15. Ng3 O-O-O 16. Rad1 Be6 17. b3 h5 18. g5 h4 19. Nge4 Nh5 20. Ne2 Kc7 21. c4 Rxd1 22. Rxd1 Rd8 23. Rxd8 Kxd8 24. c5 Bc7 25. Bf3 Nf4 26. Nxf4 Bxf4 27. Kg2 Ke7 28. Bg4 Bd5 29. f3 Be3 30. Nd6 Bxc5 31. Nxb7 Be3 32. g6 fxg6 33. Na5 Bb6 34. Nc4 Bd4 35. Kf1 Kf6 36. Ke2 Kg5 37. Ne3 Bf7 38. Ng2 Bf6 39. f4+ Kh6 40. Ne3 Bd4 41. Kf3 Bg8 42. Ke4 Bc5 43. Nc4 g5 44. f5 Bd5+ 45. Ke5 Bb4 46. Kd4 Be7 47. Ke5 Bf6+ 48. Kd6 g6 49. Ne5 gxf5 50. Bxf5 Bxe5+ 51. Kxe5 Kg7 52. Bg4 Kg6 53. Kd4 Kf6 54. Kc5 Ke5 55. b4 Be6 56. Kxc6 Bxg4 57. hxg4 h3 58. Kb7 h2 59. Kxa7 h1=Q 60. b5 Kd6 61. b6 Qg1 62. a4 Kc6 63. a5 Qc5 64. Ka6 Qb5+ 65. Ka7 Qxa5+ 66. Kb8 Qxb6+ 67. Kc8 Qc7# 0-1


[Site "https://www.chess.com"]

[Event "Titled Tuesday Blitz June 27 Late 2023"]
[White "Goltsev, Dmitry"]
[Black "Pinheiro, Iung Alicio de O."]
[WhiteFideId "24176710"]
[BlackFideId "2104350"]
[WhiteElo "2701"]
[BlackElo "2580"]
[Result "1-0"]
[Round "8"]
[TimeControl "180+2"]
[Date "2023.06.27"]
[WhiteClock "0:01:23"]
[BlackClock "0:00:00"]
[Board "43"]

1. e4 e5 2. Nf3 Nc6 3. Bb5 a6 4. Ba4 d6 5. c3 Bd7 6. d4 Nge7 7. dxe5 dxe5 8. Bg5 Qc8 9. O-O Ng6 10. Nbd2 b5 11. Bb3 Bd6 12. a4 O-O 13. Qe2 Na5 14. Bc2 Qb7 15. b4 Nc6 16. axb5 axb5 17. Bb3 Nd8 18. Qd3 Ne6 19. Bd5 Bc6 20. Bxe6 fxe6 21. Be3 h6 22. Qc2 Nf4 23. Qb3 Nxg2 24. Qxe6+ Kh8 25. Rxa8 Qxa8 26. Kxg2 Bxe4 27. Qg4 Bc6 28. Rg1 Rf6 29. Kf1 Qf8 30. Nh4 Be8 31. Ne4 Be7 32. Nxf6 Bxf6 33. Ng6+ Bxg6 34. Qxg6 Qd6 35. Ke2 e4 36. Qxe4 Qxh2 37. Rd1 Qh5+ 38. Qf3 Qf7 39. Qa8+ Kh7 40. Qd5 1-0


[Site "https://www.chess.com"]

[Event "Titled Tuesday Blitz June 27 Late 2023"]
[White "Ganiev, Roman"]
[Black "Hambleton, Aman"]
[WhiteFideId "4131452"]
[BlackFideId "2606577"]
[WhiteElo "2578"]
[BlackElo "2698"]
[Result "0-1"]
[Round "8"]
[TimeControl "180+2"]
[Date "2023.06.27"]
[WhiteClock "0:00:00"]
[BlackClock "0:00:02"]
[Board "44"]

1. e4 g6 2. d4 Nf6 3. Nc3 d5 4. e5 Nh5 5. Be2 Ng7 6. h4 h5 7. Nf3 Bg4 8. Bg5 c6 9. Qd2 Ne6 10. Be3 Nd7 11. Ng5 Bf5 12. Nxe6 Bxe6 13. O-O-O Qa5 14. Kb1 Nb6 15. b3 Bf5 16. Bf3 e6 17. Nxd5 Bxc2+ 18. Qxc2 Nxd5 19. Bxd5 Qxd5 20. f3 Be7 21. Qe4 O-O-O 22. Qf4 Rhf8 23. Rc1 Qb5 24. Qe4 a5 25. Qc2 a4 26. Qc4 Qa5 27. Rhd1 axb3 28. axb3 Rd5 29. Rc2 Kd7 30. Ra2 Qb5 31. Ra7 Rb8 32. Kc2 Bd8 33. Rda1 Bb6 34. R7a4 Rd8 35. Ra8 Kc7 36. Rxd8 Rxd8 37. Qxb5 cxb5 38. Kd3 Kd7 39. Ke4 Bc7 40. Rc1 Ra8 41. Rc5 b6 42. Rxb5 Kc6 43. Rb4 b5 44. g4 Bd8 45. gxh5 gxh5 46. Bg5 Ba5 47. Bd2 Rg8 48. Kd3 Rg2 49. Rc4+ bxc4+ 0-1


[Site "https://www.chess.com"]

[Event "Titled Tuesday Blitz June 27 Late 2023"]
[White "Fisher_TheGalactic"]
[Black "Manukyan, Artyom"]
[BlackFideId "13305786"]
[WhiteElo "2689"]
[BlackElo "2570"]
[Result "0-1"]
[Round "8"]
[TimeControl "180+2"]
[Date "2023.06.27"]
[WhiteClock "0:00:00"]
[BlackClock "0:00:19"]
[Board "45"]

1. e4 c5 2. Nf3 d6 3. Bc4 Nf6 4. d3 Nc6 5. O-O g6 6. c3 Bg7 7. Ng5 O-O 8. f4 h6 9. Nf3 a6 10. a4 e6 11. Ba2 d5 12. e5 Nd7 13. g4 Qe7 14. Nbd2 b5 15. axb5 axb5 16. Bxd5 Rxa1 17. Bxc6 b4 18. Ne4 Ba6 19. g5 h5 20. Nf6+ Bxf6 21. gxf6 Qd8 22. c4 Qc7 23. Be4 Bb7 24. Ng5 Bxe4 25. Nxe4 Nb8 26. Ng3 Qd7 27. Nxh5 Qd4+ 28. Kh1 Rd8 29. Ng3 Qxd3 30. Qg4 Rd4 31. Qh3 g5 32. fxg5 Rxc4 33. Qh6 Qg6 34. Qxg6+ fxg6 35. Be3 Rxf1+ 36. Nxf1 Nc6 37. Nd2 Rc1+ 38. Kg2 Rc2 39. Kf3 Nxe5+ 40. Ke4 Ng4 41. Bf4 e5 0-1


[Site "https://www.chess.com"]

[Event "Titled Tuesday Blitz June 27 Late 2023"]
[White "Bolourchifard, Farzad"]
[Black "Bjelobrk, Igor"]
[WhiteFideId "12510084"]
[BlackFideId "4300726"]
[WhiteElo "2686"]
[BlackElo "2568"]
[Result "0-1"]
[Round "8"]
[TimeControl "180+2"]
[Date "2023.06.27"]
[WhiteClock "0:00:00"]
[BlackClock "0:00:16"]
[Board "46"]

1. d4 e6 2. Nf3 c5 3. d5 exd5 4. Qxd5 Nf6 5. Qd1 d5 6. Bg5 Be7 7. e3 O-O 8. Be2 h6 9. Bh4 Nc6 10. c3 Bf5 11. O-O Qd7 12. Nbd2 Rad8 13. Qa4 a6 14. Rfd1 Qe6 15. Nf1 b5 16. Qa3 c4 17. b4 a5 18. Nd4 Nxd4 19. Rxd4 axb4 20. cxb4 g5 21. Bg3 Ne4 22. Rdd1 Ra8 23. Qc1 Bxb4 24. Bf3 Be7 25. Bxe4 Bxe4 26. Qd2 Ra3 27. f3 Bd3 28. f4 Rfa8 29. Bf2 Bf6 30. fxg5 hxg5 31. Ng3 Bc3 32. Qc1 Qe5 33. Rb1 b4 34. e4 dxe4 35. Nh5 Rxa2 36. Bg3 Qf5 37. h3 Bd4+ 38. Kh2 b3 39. Rd2 Rxd2 40. Qxd2 Ra2 41. Qb4 Qf3 42. Qb8+ Kh7 0-1


[Site "https://www.chess.com"]

[Event "Titled Tuesday Blitz June 27 Late 2023"]
[White "Mirzoev, Azer"]
[Black "Ambartsumova, Karina"]
[WhiteFideId "13400304"]
[BlackFideId "4166299"]
[WhiteElo "2678"]
[BlackElo "2567"]
[Result "1-0"]
[Round "8"]
[TimeControl "180+2"]
[Date "2023.06.27"]
[WhiteClock "0:00:18"]
[BlackClock "0:00:00"]
[Board "47"]

1. d4 Nf6 2. c4 g6 3. Nc3 Bg7 4. e4 d6 5. Bg5 O-O 6. Qd2 c5 7. d5 a6 8. a4 Qa5 9. Ra3 e6 10. f3 exd5 11. cxd5 Nbd7 12. Nge2 Ne5 13. Ng3 Qb4 14. a5 Bd7 15. Be2 Nc4 16. Bxc4 Qxc4 17. Nge2 b5 18. axb6 Rfb8 19. O-O Rxb6 20. Rc1 Qb4 21. Rc2 Rab8 22. h3 Nh5 23. g4 Nf6 24. Kg2 Ne8 25. Bh6 Bxh6 26. Qxh6 Qc4 27. Qd2 Rb3 28. Ra2 Bb5 29. Kg3 Qb4 30. Nc1 Bc4 31. Ra4 Qb6 32. Rxc4 Rb4 33. Nd1 Qb5 34. Rxb4 cxb4 35. Ne3 b3 36. Rc3 Qa4 37. Nc4 a5 38. h4 Qa1 39. h5 a4 40. h6 Qb1 41. Na3 Qa1 42. Qd4 Qxb2 43. Nc4 Qb1 44. Nxd6 1-0


[Site "https://www.chess.com"]

[Event "Titled Tuesday Blitz June 27 Late 2023"]
[White "Golubev, Mikhail"]
[Black "Stoleriu, George"]
[WhiteFideId "14100983"]
[BlackFideId "1227505"]
[WhiteElo "2552"]
[BlackElo "2668"]
[Result "0-1"]
[Round "8"]
[TimeControl "180+2"]
[Date "2023.06.27"]
[WhiteClock "0:00:00"]
[BlackClock "0:00:18"]
[Board "49"]

1. e4 e6 2. d4 d5 3. Nc3 Bb4 4. e5 c5 5. a3 Bxc3+ 6. bxc3 Qc7 7. Nf3 Ne7 8. a4 b6 9. Bb5+ Bd7 10. Bd3 Nbc6 11. O-O h6 12. Qd2 Na5 13. Qf4 Nc4 14. Qg3 g5 15. h4 O-O-O 16. hxg5 hxg5 17. Bxg5 Rdg8 18. Qf4 Nf5 19. Bf6 Rh5 20. Ng5 Rh4 21. Qc1 Rg4 22. f3 Rh4 23. Bxf5 exf5 24. Nxf7 Rh5 25. Qf4 Be6 26. Nd6+ Nxd6 27. exd6 Qh7 28. dxc5 Qg6 29. Rf2 Qxf6 30. c6 Rgh8 31. d7+ Kd8 32. Rff1 Rh1+ 33. Kf2 Qh4+ 34. Qxh4+ R1xh4 35. Rfe1 R8h6 36. a5 b5 37. Rab1 a6 38. Rxb5 axb5 39. a6 Ra4 0-1


[Site "https://www.chess.com"]

[Event "Titled Tuesday Blitz June 27 Late 2023"]
[White "Papp, Levente"]
[Black "D`Arruda, Ricardo D."]
[WhiteFideId "751243"]
[BlackFideId "100692"]
[WhiteElo "2667"]
[BlackElo "2551"]
[Result "1-0"]
[Round "8"]
[TimeControl "180+2"]
[Date "2023.06.27"]
[WhiteClock "0:00:07"]
[BlackClock "0:00:34"]
[Board "50"]

1. b3 e5 2. Bb2 Nc6 3. c4 Nf6 4. Nc3 d6 5. g3 Be7 6. Bg2 O-O 7. e3 Be6 8. Nge2 d5 9. cxd5 Nxd5 10. O-O Ndb4 11. d4 exd4 12. exd4 Bf5 13. Ne4 Re8 14. Nf4 Bf8 15. Nc5 b6 16. Na6 Be4 17. Bxe4 Rxe4 18. Qf3 f5 19. Nxb4 Nxb4 20. d5 Nxd5 21. Rad1 c6 22. Nxd5 cxd5 23. Qxf5 Re2 24. Rxd5 Qc8 25. Bd4 Qxf5 26. Rxf5 Rxa2 27. Rc1 Re8 28. Be3 Rb2 29. Rb5 Re7 30. Rc8 Rf7 31. Ra8 Rd7 32. Rf5 Rf7 33. Rb5 Ra2 34. h4 h6 35. Rd5 Kh7 36. h5 Bb4 37. Rdd8 g5 38. Rh8+ Kg7 39. Bd4+ Rf6 40. Bxf6+ Kxf6 41. Rxh6+ Kf5 42. Rh7 Bc5 43. Rf7+ Kg4 44. Raxa7 Kh3 45. Rxa2 1-0


[Site "https://www.chess.com"]

[Event "Titled Tuesday Blitz June 27 Late 2023"]
[White "Manukyan, Sargis A."]
[Black "Hajiyev, Kanan"]
[WhiteFideId "13303970"]
[BlackFideId "13404148"]
[WhiteElo "2653"]
[BlackElo "2543"]
[Result "0-1"]
[Round "8"]
[TimeControl "180+2"]
[Date "2023.06.27"]
[WhiteClock "0:00:07"]
[BlackClock "0:00:13"]
[Board "51"]

1. d4 Nf6 2. c4 e6 3. Nc3 Bb4 4. a3 Bxc3+ 5. bxc3 c5 6. e3 d5 7. Bd3 dxc4 8. Bxc4 O-O 9. Ne2 Nc6 10. O-O b6 11. Bd3 Bb7 12. a4 Rc8 13. Ba3 Na5 14. f4 Re8 15. Ng3 Nd5 16. Qe1 Qh4 17. Ra2 cxd4 18. cxd4 Rc3 19. Qe2 g6 20. Bb2 Rec8 21. Raa1 R3c7 22. Qf2 Nb4 23. Bb1 Nc2 24. Ra2 Nb4 25. Ra3 Nc4 26. Rb3 Nxb2 27. Rxb2 a5 28. e4 Ba6 29. Re1 Rc1 30. Rd2 Rxe1+ 31. Qxe1 Qxf4 32. h3 Bd3 33. Bxd3 Nxd3 34. Rxd3 Rc1 35. Rd1 Rxd1 36. Qxd1 Qxg3 37. d5 exd5 38. exd5 Qd6 39. Kh1 h5 40. Qd4 h4 41. Qe4 Kf8 42. Qd4 g5 43. Qe4 f6 44. Qd3 Ke7 45. Qh7+ Kd8 46. Qg8+ Kc7 47. Qf7+ Kb8 48. Qe8+ Ka7 49. Qf7+ Ka6 50. Qg8 Kb7 51. Qf7+ Kc8 52. Qg8+ Kd7 53. Qh7+ Qe7 54. Qf5+ Kd6 55. Qc2 Qe1+ 56. Kh2 Qe5+ 57. Kh1 Qxd5 58. Qb2 Qd1+ 59. Kh2 Ke7 60. Qxb6 Qxa4 61. Qc7+ Ke6 62. Qc8+ Kf7 63. Qc7+ Kg6 64. Qb7 Qf4+ 65. Kh1 a4 66. Qb1+ Kh6 67. Qa2 Qf1+ 68. Kh2 Qf4+ 69. Kh1 Qd4 70. Qg8 Qa1+ 71. Kh2 Qe5+ 72. Kh1 a3 73. Qf8+ Kg6 74. Qxa3 Kf5 75. Qd3+ Ke6 76. Qc4+ Ke7 77. Qb4+ Kf7 78. Qc4+ Kg6 79. Qg8+ Kf5 80. Qh7+ Kf4 81. Qd3 Qe1+ 82. Kh2 Qg3+ 83. Qxg3+ hxg3+ 84. Kg1 Ke3 85. Kf1 Kd2 86. Kg1 Ke2 87. Kh1 f5 88. Kg1 f4 89. Kh1 f3 90. gxf3 Kf2 91. h4 g2+ 92. Kh2 g1=Q+ 93. Kh3 Qg3# 0-1


[Site "https://www.chess.com"]

[Event "Titled Tuesday Blitz June 27 Late 2023"]
[White "Ashraf, Artin"]
[Black "Liu, Casper"]
[WhiteFideId "22514805"]
[BlackFideId "1454153"]
[WhiteElo "2651"]
[BlackElo "2537"]
[Result "1-0"]
[Round "8"]
[TimeControl "180+2"]
[Date "2023.06.27"]
[WhiteClock "0:01:18"]
[BlackClock "0:01:21"]
[Board "52"]

1. e4 c5 2. Nf3 d6 3. d4 cxd4 4. Nxd4 Nf6 5. Nc3 Nc6 6. Bg5 Bd7 7. Qd2 Rc8 8. O-O-O Nxd4 9. Qxd4 Qa5 10. Be3 g6 11. Qxa7 Qxa7 12. Bxa7 Bg7 13. f3 O-O 14. Bd4 Rc7 15. Bxf6 Bxf6 16. Nd5 Rc5 17. Nxf6+ exf6 18. Rxd6 Rfc8 19. Rxd7 Rxc2+ 20. Kd1 Rxb2 21. Rd2 Rb1+ 22. Ke2 Rcc1 23. Kf2 h5 24. g3 g5 25. h4 Kg7 26. Kg2 b5 27. Rf2 g4 28. fxg4 hxg4 29. Rh2 b4 30. Kg1 b3 31. axb3 Rxb3 32. Rhg2 Re3 33. Rf4 Kh6 34. Rxf6+ Kh5 35. Rxf7 Rxe4 36. Rgf2 Re3 37. R2f5+ Kg6 38. R5f6+ Kh5 39. Rh7# 1-0


[Site "https://www.chess.com"]

[Event "Titled Tuesday Blitz June 27 Late 2023"]
[White "Kuzmin, Roman"]
[Black "Vlassov, Nikolai"]
[WhiteFideId "44134932"]
[BlackFideId "4103360"]
[WhiteElo "2537"]
[BlackElo "2638"]
[Result "0-1"]
[Round "8"]
[TimeControl "180+2"]
[Date "2023.06.27"]
[WhiteClock "0:00:00"]
[BlackClock "0:00:09"]
[Board "53"]

1. e4 Nc6 2. Nc3 Nf6 3. d4 d5 4. e5 Nd7 5. Nxd5 Ndb8 6. Bc4 Be6 7. Ne3 Bxc4 8. Nxc4 Qxd4 9. Qxd4 Nxd4 10. Ne3 e6 11. Bd2 Nd7 12. f4 O-O-O 13. O-O-O Bc5 14. b4 Bb6 15. Nc4 f6 16. c3 Nc6 17. Nf3 a6 18. Rhe1 Rhe8 19. Re2 Ba7 20. Rde1 b5 21. Nb2 f5 22. Ng5 Nf8 23. Be3 h6 24. Nf3 Ng6 25. g3 Nge7 26. Kc2 Nd5 27. Bxa7 Nxa7 28. Nd3 Nc6 29. Nc5 a5 30. a3 Kb8 31. bxa5 Nxa5 32. Rb1 c6 33. a4 Nc4 34. Rb3 Nde3+ 35. Kb1 Rd1+ 36. Ka2 Kc7 37. Na6+ Kb6 38. Nb4 bxa4 39. Rb1 Rxb1 40. Kxb1 Nd5 41. Na2 Kc5 42. Nd4 g5 43. Kc1 gxf4 44. gxf4 Nxf4 45. Rc2 Nxe5 0-1


[Site "https://www.chess.com"]

[Event "Titled Tuesday Blitz June 27 Late 2023"]
[White "Andrej2004"]
[Black "Martinez Reyes, Pedro Ramon"]
[BlackFideId "3901807"]
[WhiteElo "2636"]
[BlackElo "2537"]
[Result "0-1"]
[Round "8"]
[TimeControl "180+2"]
[Date "2023.06.27"]
[WhiteClock "0:00:19"]
[BlackClock "0:00:59"]
[Board "54"]

1. Nf3 Nf6 2. b3 b5 3. Bb2 Bb7 4. g3 Bxf3 5. exf3 e6 6. Bg2 d5 7. f4 g6 8. O-O Bg7 9. Nc3 b4 10. Ne2 Nbd7 11. a3 a5 12. Nd4 c5 13. Nb5 Qb6 14. a4 O-O 15. d4 Rac8 16. c3 c4 17. bxc4 dxc4 18. Qd2 Nd5 19. Bxd5 exd5 20. cxb4 axb4 21. Qxb4 Nb8 22. a5 Qe6 23. Rfe1 Qd7 24. a6 Nc6 25. Qa3 Ra8 26. Bc3 Rfb8 27. Qc5 Bf8 28. a7 Bxc5 29. axb8=Q+ Rxb8 30. dxc5 Rxb5 31. Bf6 Rb8 32. Ra6 d4 33. Rb6 Rc8 34. h4 c3 35. h5 c2 36. hxg6 fxg6 37. f5 d3 38. fxg6 hxg6 39. Bc3 d2 40. Bxd2 Qxd2 41. Re6 c1=Q+ 42. Kh2 Qxf2+ 43. Kh3 Qh1+ 44. Kg4 Qf5# 0-1


[Site "https://www.chess.com"]

[Event "Titled Tuesday Blitz June 27 Late 2023"]
[White "Chor, Kevin"]
[Black "Kavutskiy, Konstantin"]
[WhiteFideId "2090740"]
[BlackFideId "2026384"]
[WhiteElo "2536"]
[BlackElo "2631"]
[Result "1-0"]
[Round "8"]
[TimeControl "180+2"]
[Date "2023.06.27"]
[WhiteClock "0:00:04"]
[BlackClock "0:00:00"]
[Board "55"]

1. e4 c5 2. Nf3 Nc6 3. d4 cxd4 4. Nxd4 Nf6 5. Nc3 e5 6. Ndb5 d6 7. Bg5 a6 8. Na3 b5 9. Nd5 Be7 10. Bxf6 Bxf6 11. c3 Rb8 12. g3 O-O 13. Bg2 Be6 14. Nc2 Bg5 15. O-O Ne7 16. Ncb4 Nxd5 17. exd5 Bd7 18. Nxa6 Rc8 19. Nb4 Qb6 20. Nc6 f5 21. Kh1 e4 22. Nd4 Bf6 23. Ne6 Rfe8 24. g4 b4 25. gxf5 bxc3 26. bxc3 Bxc3 27. Rb1 Qa5 28. Bxe4 Qxa2 29. Qh5 Bf6 30. Rb7 Qa4 31. Bf3 Rc2 32. Bd1 Qa6 33. Rg1 Qxb7 34. Bxc2 Qxd5+ 35. f3 Bc6 36. Be4 Qxe4 37. fxe4 Bxe4+ 38. Rg2 Ra8 39. h4 Be5 40. Kg1 g6 41. Rxg6+ hxg6 42. Qxg6+ Kh8 43. Qh6+ Kg8 44. Qg6+ Kh8 45. Qh6+ Kg8 46. f6 Ra1+ 47. Kf2 Ra2+ 48. Ke3 Rg2 49. Qf8+ Kh7 50. Qf7+ Kh6 51. Kxe4 d5+ 52. Kxe5 d4 53. Kxd4 Rd2+ 54. Ke3 Re2+ 55. Kd4 Re4+ 56. Kd5 Re5+ 57. Kd6 Rd5+ 58. Ke7 Rd7+ 59. Kf8 Rd8+ 60. Qe8 Rd7 61. Qxd7 1-0


[Site "https://www.chess.com"]

[Event "Titled Tuesday Blitz June 27 Late 2023"]
[White "Piesik, Piotr"]
[Black "Ismagilov, Damir"]
[WhiteFideId "1136194"]
[BlackFideId "34199982"]
[WhiteElo "2623"]
[BlackElo "2535"]
[Result "1-0"]
[Round "8"]
[TimeControl "180+2"]
[Date "2023.06.27"]
[WhiteClock "0:01:29"]
[BlackClock "0:00:28"]
[Board "56"]

1. Nf3 c5 2. e4 g6 3. c3 Bg7 4. d4 d6 5. dxc5 dxc5 6. Nbd2 Nc6 7. Bb5 Bd7 8. O-O Nf6 9. Qe2 O-O 10. h3 a6 11. Bd3 e5 12. a4 Qc7 13. Nb3 Nd8 14. a5 Ne6 15. Bc4 Bb5 16. Ng5 Nxg5 17. Bxg5 Qc6 18. Nd2 Bxc4 19. Qxc4 Qb5 20. Bxf6 Bxf6 21. Qxb5 axb5 22. Nb3 Be7 23. Rfd1 Rfd8 24. Kf1 c4 25. Nd2 Bd6 26. b4 Bc7 27. Nf3 Kg7 28. Rxd8 Rxd8 29. Ke2 Kf6 30. Rd1 Rxd1 31. Kxd1 Ke7 32. Ne1 f5 33. Nc2 f4 34. Na3 Kd6 35. Nxb5+ Kc6 36. Na3 b5 37. axb6 Bxb6 38. Ke2 Bd4 39. cxd4 exd4 40. Nxc4 Kb5 41. Kd3 Kxb4 42. Kxd4 f3 43. gxf3 g5 44. e5 g4 45. fxg4 h5 46. gxh5 Kb5 47. Kd5 1-0


[Site "https://www.chess.com"]

[Event "Titled Tuesday Blitz June 27 Late 2023"]
[White "Estrada Nieto, Julian"]
[Black "HamedWafa4"]
[WhiteFideId "5101018"]
[WhiteElo "2531"]
[BlackElo "2617"]
[Result "0-1"]
[Round "8"]
[TimeControl "180+2"]
[Date "2023.06.27"]
[WhiteClock "0:00:00"]
[BlackClock "0:00:14"]
[Board "57"]

1. e4 e5 2. Nf3 Nc6 3. Bb5 a6 4. Bxc6 dxc6 5. O-O Bg4 6. h3 Bh5 7. g4 Bg6 8. Nxe5 f6 9. Nxg6 hxg6 10. Kg2 Qd7 11. Qf3 O-O-O 12. d3 g5 13. Qf5 Qxf5 14. exf5 Ne7 15. Nc3 c5 16. Ne4 Nc6 17. Be3 b6 18. a3 Bd6 19. Rad1 Be5 20. c3 Rhe8 21. Rfe1 a5 22. a4 Ne7 23. d4 cxd4 24. cxd4 Bd6 25. Bd2 Kd7 26. Nc3 Nc6 27. Rxe8 Rxe8 28. Be3 Nb4 29. Rd2 Kc6 30. d5+ Kd7 31. Kf3 Rf8 32. Ne4 Re8 33. Nc3 Rf8 34. Bd4 Rh8 35. Kg2 Re8 36. f3 Bf4 37. Re2 Rxe2+ 38. Nxe2 Nxd5 39. Kf2 Kd6 40. Nc3 Nxc3 41. Bxc3 Be5 42. Bxe5+ Kxe5 43. Ke3 c6 44. b3 b5 45. Kd3 Kf4 46. Kd4 bxa4 47. bxa4 Kxf3 48. Kc5 Kg3 49. Kxc6 Kxh3 50. Kb5 Kxg4 51. Kxa5 Kxf5 52. Kb5 g4 53. a5 g3 54. a6 g2 55. a7 g1=Q 56. a8=Q Qb1+ 57. Kc5 Qg1+ 58. Kd6 Qg3+ 59. Ke7 Qe5+ 60. Kf8 g5 61. Qf3+ Kg6 62. Qd3+ f5 63. Qc2 Qf6+ 64. Ke8 g4 65. Kd7 Kg5 66. Qd2+ f4 67. Kc7 g3 68. Qe2 f3 69. Qb5+ Qf5 70. Qb1 Qxb1 0-1


[Site "https://www.chess.com"]